 Dungeon Crawl Stone Soup version 0.31-a0-574-g69dc8cc98e (webtiles) character file.

Game seed: 15553557491567698971

784 Xavori the Sneak (level 7, -4/48 HPs)
             Began as an Octopode Chaos Knight on Aug 18, 2023.
             Was a Plaything of Xom.
             Slain by a two-headed ogre
             ... wielding a +0 giant spiked club
              (24 damage)
             ... on level 5 of the Dungeon.
             The game lasted 00:03:52 (11375 turns).

Xavori the Sneak (Octopode Chaos Knight)           Turns: 11375, Time: 00:03:53

Health: -4/48      AC:  5    Str: 13    XL:     7   Next: 86%
Magic:  4/7        EV: 14    Int: 20    God:    Xom [*.....]
Gold:   376        SH:  0    Dex: 14    Spells: 6/6 levels left

rFire   . . .        a - +0 short sword (chaos)
rCold   + + .        (no shield)
rNeg    . . .        (helmet restricted)
rPois   .            p - amulet of faith
rElec   .            (no ring)
rCorr   .            (no ring)
SInv    .            (no ring)
Will    .....        (no ring)
Stlth   ++++         (no ring)
HPRegen 0.28/turn    (no ring)
MPRegen 0.10/turn    (no ring)
                     (no ring)

%: clarity, faith
@: no status effects
A: almost no armour, amphibious, 8 rings, camouflage 1, gelatinous body 1,
(nimble swimmer 1), tentacles, tentacle spike 1, iridescent scales 2, agile 1,
clarity, clever 2, cold resistance 2, high MP 1, strong 1, MP-powered wands
a: Renounce Religion


You were on level 5 of the Dungeon.
You worshipped Xom.
You were a special plaything of Xom.
You visited 1 branch of the dungeon, and saw 5 of its levels.

You collected 376 gold pieces.

Inventory:

Hand Weapons
 a - a +0 short sword of chaos (weapon)
 q - a +0 dagger of speed
Jewellery
 e - an amulet of the acrobat
 p - an amulet of faith (around mantle)
 v - a ring of protection from cold
Wands
 m - a wand of polymorph (2)
 r - a wand of charming (5)
Scrolls
 b - a scroll of butterflies
 c - 2 scrolls of immolation {unknown}
 d - a scroll of brand weapon {unknown}
 g - a scroll of acquirement {unknown}
 i - a scroll of noise {unknown}
 j - 2 scrolls of teleportation
 k - a scroll of fear {unknown}
 n - 2 scrolls of vulnerability
 o - a scroll of revelation
Potions
 f - 2 potions of curing {unknown}
 h - a potion of attraction {unknown}
 l - a potion of mutation {unknown}
 s - a potion of enlightenment {unknown}
 t - a potion of lignification {unknown}
 u - a potion of brilliance {unknown}
 w - a potion of haste {unknown}


   Skills:
 + Level 4.0 Fighting
 * Level 5.4 Short Blades
 + Level 4.1 Dodging
 + Level 6.1 Stealth
 * Level 3.3 Evocations


You had 6 spell levels left.
You didn't know any spells.
Your spell library contained the following spells:

 Spells                   Type           Power      Damage    Failure   Level
 Sandblast                Erth           0%         2d4       19%         1
 Sting                    Tmut/Pois      0%         1d3       19%         1
 Poisonous Vapours        Pois/Air       0%         N/A       28%         2
 Ignite Poison            Fire/Tmut/Pois 0%         N/A       50%         3
 Anguish                  Hex/Necr       0%         N/A       88%         4
 Cause Fear               Hex            0%         N/A       88%         4
 Olgreb's Toxic Radiance  Pois           0%         N/A       88%         4
 Summon Mana Viper        Hex/Summ       0%         N/A       99%         5
 Enfeeble                 Hex            0%         N/A       100%        7
 Discord                  Hex            0%         N/A       100%        8


Dungeon Overview and Level Annotations

Branches:
Dungeon (5/15)
 Temple: D:4-7

Altars:
Uskayaw
The Shining One


Innate Abilities, Weirdness & Mutations

You cannot wear most types of armour.
You are amphibious.
You can wear up to eight rings at the same time.
Your skin changes colour to match your surroundings (Stealth+).
Your rubbery body absorbs attacks. (AC +1, EV +1)
((You are camouflaged when in or above water. (Stealth+)))
You have tentacles for arms and can constrict up to eight enemies at once.
One of your tentacles bears a spike.
You are mostly covered in iridescent scales. (AC +4)
You are agile. (Dex +4, Str/Int -1)
You possess an exceptional clarity of mind.
Your mind is very acute. (Int +8, Str/Dex -2)
Your flesh is very cold resistant. (rC++)
You have an increased reservoir of magic. (+10% MP)
Your muscles are strong. (Str +4, Int/Dex -1)
You expend magic power (3 MP) to strengthen your wands.


Message History

You constrict the orc. The orc hits you but does no damage.
You hit the orc. You burn the orc.
You kill the orc!
Things that are here:
a +0 club; a +0 leather armour
Okay, then.
You see here a hound corpse.
Xom titters.
The two-headed ogre looks rather confused.
You hit the two-headed ogre but do no damage.
You pierce the two-headed ogre, but do no damage.
You squeeze the two-headed ogre.
The two-headed ogre is lightly wounded.
You hit the two-headed ogre but do no damage.
You pierce the two-headed ogre.
You tentacle-slap the two-headed ogre, but do no damage.
You squeeze the two-headed ogre!
The two-headed ogre is moderately wounded.
The two-headed ogre seems less confused.
The two-headed ogre barely misses you.
The two-headed ogre hits you with a +0 giant spiked club!
Unknown command.
You hit the two-headed ogre.
Your tentacle spike misses the two-headed ogre.
The two-headed ogre is moderately wounded.
You barely miss the two-headed ogre.
The two-headed ogre is moderately wounded.
The two-headed ogre hits you with a +0 giant spiked club!
The two-headed ogre misses you.
Unknown command.
Aiming: Charm
Press: ? - help, Shift-Dir - straight line, f - two-headed ogre
Aim: a two-headed ogre, wielding two +0 giant spiked clubs (moderately wounded, chance to affect: 45%)
You feel a surge of power!
The two-headed ogre resists with some effort.
The two-headed ogre closely misses you.
The two-headed ogre hits you with a +0 giant spiked club!!
Ouch! That really hurt!
You die...
Xom chuckles heartily!

#..$ #.#.## #.$..##
##.....##
##.......#########
###.................
####...................
##....O..........######.
.......@........## #.
##.##.....##.#### ##
#.....##.# ###
###.####†# #.. #.# #.#
#.. #.# #)# #.. #.# #.#
##. # #.# #.# #.
#.####.# #.# #.


You could see a two-headed ogre.

Vanquished Creatures
  A black bear (D:5)
  2 ice beasts (D:5)
  An ogre (D:5)
  3 scorpions
  A hound (D:5)
  2 iguanas (D:5)
  An orc wizard (D:3)
  5 adders
  2 worms (D:4)
  2 dart slugs
  10 orcs
  5 bats
  5 endoplasms
  5 giant cockroaches
  7 goblins
  10 hobgoblins
  5 jackals
  4 quokkas
  8 ball pythons
  5 frilled lizards
  8 kobolds
  2 rats
94 creatures vanquished.

Vanquished Creatures (others)
  An endoplasm (D:4)
1 creature vanquished.

Grand Total: 95 creatures vanquished

Notes
Turn   | Place    | Note
-------+----------+-------------------------------------------
     0 | D:1      | Xavori the Octopode Chaos Knight began the quest for the
                  | Orb.
     0 | D:1      | Reached XP level 1. HP: 16/16 MP: 1/1
   216 | D:1      | Reached XP level 2. HP: 19/21 MP: 2/2
   523 | D:1      | Reached XP level 3. HP: 11/26 MP: 3/3
   601 | D:1      | XOM: divination: detect creatures
   819 | D:1      | XOM: silly message
  1030 | D:1      | XOM: silly message
  2066 | D:1      | XOM: silly message
  2349 | D:1      | XOM is BORED!
  2495 | D:1      | XOM: summons 1 hostile demon
  2512 | D:2      | XOM: god gift: 2 boomerangs
  3879 | D:1      | XOM: give mutations
  3879 | D:1      | Gained mutation: Your flesh is cold resistant. (rC+) [Xom's
                  | grace]
  3879 | D:1      | Gained mutation: Your mind is acute. (Int +4, Str/Dex -1)
                  | [Xom's grace]
  4250 | D:1      | XOM: give mutations
  4250 | D:1      | Gained mutation: Your mind is very acute. (Int +8, Str/Dex
                  | -2) [Xom's grace]
  4250 | D:1      | Gained mutation: Your muscles are strong. (Str +4, Int/Dex
                  | -1) [Xom's grace]
  4250 | D:1      | Gained mutation: You are partially covered in iridescent
                  | scales. (AC +2) [Xom's grace]
  4250 | D:1      | Gained mutation: You have an increased reservoir of magic.
                  | (+10% MP) [Xom's grace]
  4904 | D:1      | XOM is BORED!
  4904 | D:1      | XOM: noise
  4953 | D:1      | XOM: god gift: long gold wand {god gift}
  6391 | D:1      | XOM is BORED!
  6391 | D:1      | XOM: noise
  6828 | D:1      | XOM is BORED!
  6828 | D:1      | XOM: stat loss: -3 Int (18/21)
  7189 | D:1      | XOM: silly message
  7997 | D:1      | XOM: give mutations
  7997 | D:1      | Gained mutation: One of your tentacles bears a spike.
                  | [Xom's grace]
  7997 | D:1      | Gained mutation: You are agile. (Dex +4, Str/Int -1) [Xom's
                  | grace]
  7997 | D:1      | Gained mutation: Your flesh is very cold resistant. (rC++)
                  | [Xom's grace]
  8097 | D:1      | XOM: give mutations
  8097 | D:1      | Gained mutation: You expend magic power (3 MP) to
                  | strengthen your wands. [Xom's grace]
  8097 | D:1      | Gained mutation: You have hidden genetic potential. [Xom's
                  | grace]
  8097 | D:1      | Gained mutation: One of your tentacles bears a nasty spike.
                  | [Xom's grace]
  8474 | D:1      | XOM: scenery: summon butterflies
  8581 | D:1      | XOM: divination: detect items
  8590 | D:1      | XOM: god gift: Xom's Folio of Sharkskin {god gift}
  8593 | D:1      | Got Xom's Folio of Sharkskin {god gift}
  8608 | D:2      | Reached skill level 1 in Stealth
  8627 | D:2      | XOM: 2-stop teleportation journey
  8638 | D:2      | XOM: noise
  8732 | D:2      | Reached skill level 2 in Stealth
  8732 | D:2      | Reached XP level 4. HP: 10/32 MP: 4/4
  8885 | D:1      | XOM: noise
  8904 | D:2      | Gained mutation: You are mostly covered in iridescent
                  | scales. (AC +4) [hidden potential]
  8950 | D:2      | Found a faded altar of an unknown god.
  8956 | D:2      | XOM: cloud trail
  8965 | D:2      | Got Plato's Parchment of Erosion
  9063 | D:2      | XOM: silly message
  9396 | D:3      | Found a hide-covered altar of Uskayaw.
  9397 | D:3      | Found a glowing golden altar of the Shining One.
  9401 | D:3      | XOM: 2-stop teleportation journey
  9518 | D:3      | Reached skill level 1 in Evocations
  9748 | D:3      | Reached skill level 3 in Stealth
  9757 | D:3      | Reached XP level 5. HP: 20/37 MP: 5/5
  9769 | D:3      | Gained mutation: You possess an exceptional clarity of
                  | mind. [hidden potential]
  9769 | D:3      | Lost mutation: You have hidden genetic potential. [hidden
                  | potential expressed]
  9790 | D:3      | XOM: stat loss: -1 Dex (13/14)
  9814 | D:3      | XOM: draining
 10016 | D:3      | XOM: summons 2 hostile demons
 10179 | D:4      | XOM: destruction
 10380 | D:4      | XOM: 1-stop teleportation journey
 10385 | D:4      | Reached skill level 4 in Stealth
 10420 | D:4      | XOM: snakes to sticks
 10446 | D:4      | Reached XP level 6. HP: 43/43 MP: 6/6
 10627 | D:4      | XOM: silly message
 10637 | D:4      | XOM: smoke on damage
 10637 | D:4      | XOM: torment (23/43 hp)
 10762 | D:5      | Entered Level 5 of the Dungeon
 10824 | D:5      | XOM: chaos upgrade
 10824 | D:5      | Noticed an ice beast
 10847 | D:5      | Killed an ice beast
 10959 | D:5      | Reached skill level 5 in Short Blades
 10959 | D:5      | Reached skill level 5 in Stealth
 10959 | D:5      | Reached XP level 7. HP: 45/47 MP: 7/7
 11184 | D:5      | XOM: give mutation
 11184 | D:5      | Lost mutation: One of your tentacles bears a nasty spike.
                  | [Xom's mischief]
 11339 | D:5      | Reached skill level 6 in Stealth
 11348 | D:5      | Noticed a two-headed ogre
 11366 | D:5      | XOM: confuse monster(s)
 11375 | D:5      | Slain by a two-headed ogre

Illustrated notes

Levels and vault maps discovered:
D:1:      minmay_arrival_hallway, layout_loops_ring
D:2:      layout_basic, shapermc_ecumenical_altar_rom_forum
D:3:      cheibrodos_old_hovel, layout_basic, mainiacjoe_overflow_divided_tiny
D:4:      layout_cave_pools
D:5:      layout_loops_ring

Skill      XL: |  1  2  3  4  5  6  7 |
---------------+----------------------+-----
Stealth        | 2 3 4 5 6 |  6.1
Evocations     | 1 2 3 |  3.3
Short Blades   | 4 5 |  5.4
Dodging        | 3 4 |  4.1
Fighting       | 4 |  4.0

Action                     |  1- 3 |  4- 6 |  7- 9 || total
---------------------------+-------+-------+-------++-------
  Melee: Short sword       |    69 |   107 |    22 ||   198
         Constrict         |    16 |    32 |     3 ||    51
         Tentacles         |    13 |    30 |     7 ||    50
         Kick              |     7 |    48 |     5 ||    60
         Punch             |     1 |     1 |     3 ||     5
         Dagger            |       |    36 |       ||    36
  Evoke: Wand              |       |       |     1 ||     1
    Use: Scroll            |       |     3 |       ||     3
   Stab: Sleeping          |     5 |     9 |     3 ||    17
 Armour: Skin              |     6 |    32 |     2 ||    40
  Dodge: Dodged            |    31 |    65 |    11 ||   107

Table legend: (Time is in decaauts)
 A = Elapsed time spent in this place.
 B = Non-inter-level travel time spent in this place.
 C = Inter-level travel time spent in this place.
 D = Time resting spent in this place.
 E = Time spent auto-exploring this place.
 F = Levels seen in this place.
 G = Mean time per level.
                   A        B        C        D        E       F      G
               +--------+--------+--------+--------+--------+-----+--------+
         Total |  11319 |  11206 |    113 |   8181 |   2437 |   5 | 2263.8 |
       Dungeon |  11319 |  11206 |    113 |   8181 |   2437 |   5 | 2263.8 |
               +--------+--------+--------+--------+--------+-----+--------+

Top non-repeatable levels by time:
     D:1: 8618 daAuts
     D:3: 733 daAuts
     D:2: 714 daAuts
     D:4: 653 daAuts
     D:5: 600 daAuts
